 Dungeon Crawl Stone Soup version 0.27.1-2-g3b301248ec (webtiles) character file.

Game seed: 1466307349011088882

133 Borgoz the Skirmisher (level 5, 0/33 HPs)
             Began as a Gargoyle Berserker on Sept 26, 2021.
             Was a Believer of Trog.
             Slain by an orc (4 damage)
             ... on level 3 of the Dungeon.
             The game lasted 00:02:32 (2621 turns).

Borgoz the Skirmisher (Gargoyle Berserker)          Turns: 2621, Time: 00:02:33

Health: 0/33       AC:  4    Str: 20    XL:     5   Next: 16%
Magic:  5/5        EV: 12    Int:  8    God:    Trog [**....]
Gold:   109        SH:  0    Dex: 10    Spells: 4/4 levels left

rFire    . . .     SeeInvis .   a - +0 mace
rCold    . . .     Faith    .   (no shield)
rNeg     + . .     Spirit   .   (no armour)
rPois    ∞         Reflect  .   (no helmet)
rElec    +         Harm     .   (no cloak)
rCorr    .         Rampage  .   (no gloves)
Will     .....                  (no boots)
Stlth    +.........             (no amulet)
HPRegen  0.11/turn              (no ring)
MPRegen  0.09/turn              (no ring)

@: on berserk cooldown
A: sickness immunity, AC +4, negative energy resistance 1, electricity
resistance, torment resistance 1, petrification resistance
a: Renounce Religion, Berserk, Trog's Hand


You were on level 3 of the Dungeon.
You worshipped Trog.
Trog was pleased with you.
You visited 1 branch of the dungeon, and saw 3 of its levels.

You collected 109 gold pieces.

Inventory:

Hand Weapons
 a - a +0 mace (weapon)
 m - a +0 flail of holy wrath
Armour
 n - a +0 scale mail
Wands
 i - a wand of flame (18)
Scrolls
 d - 2 scrolls of identify {unknown}
 e - a scroll of teleportation {unknown}
 f - a scroll of torment {unknown}
 k - a scroll of fear {unknown}
Potions
 c - a potion of invisibility {unknown}
 g - 2 potions of brilliance {unknown}
 h - a potion of lignification {unknown}
 j - a potion of berserk rage {unknown}
 l - a potion of magic {unknown}


   Skills:
 + Level 4.2 Fighting
 + Level 3.8 Maces & Flails
 + Level 3.4 Armour
 + Level 2.4 Dodging


You had 4 spell levels left.
You didn't know any spells.
Your spell library was empty.

Dungeon Overview and Level Annotations

Branches:
Dungeon (3/15)

Altars:

Shops:
D:1 (   D:2 !


Innate Abilities, Weirdness & Mutations

You are immune to sickness and miasma.
Your stone body is resilient. (AC +4)
You are immune to poison.
You resist negative energy. (rN+)
You are resistant to electric shocks. (rElec)
You are resistant to unholy torment.
You are immune to petrification.


Message History

Items here: ))) [ ††.
Okay, then.
Things that are here:
a +0 mace; a +0 scale mail You hit the hobgoblin.
You kill the hobgoblin!
Trog accepts your kill.
Items here: ) †††.
Things that are here:
a +0 mace; a +0 scale mail
n - a +0 scale mail
Items here: ) †††.
o - a +0 club You drop a +0 club.
You start removing your armour.
You continue taking off your +0 animal skin. x4
You finish taking off your +0 animal skin.
Drop what? 14/52 slots (_ for help) (? for menu, Esc to quit)
You drop a +0 animal skin.
You're still recovering from your berserk rage.
An orc comes into view. It is wielding a +0 short sword.
Found 26 arrows.
The orc shouts!
The orc hits you but does no damage.
An endoplasm comes into view.
You feel yourself speed up. The orc hits you with a +0 trident.
* * * LOW HITPOINT WARNING * * *
The orc barely misses you.
You sock the orc!
You kill the orc!
Trog accepts your kill. The orc hits you with a +0 short sword.
* * * LOW HITPOINT WARNING * * *
Things that are here:
a +0 trident; a +0 leather armour You hit the orc.
The orc is moderately wounded.
The orc hits you with a +0 short sword.
You die...

# # #....#.. ... .
#.##.#.#.#.## #
#.##...#.....
..##.#......#
#....#.#.(.
#.####.##.....
#......##)#.##.#.#.
#))[..@oJ..... #
#.##.###.##.#. #
######.......... #
#......####.## .# #
#.####.# .# #
######.## #... .
##......###.### ##
.........##.#
....._...##.#


You could see an orc and an endoplasm.

Vanquished Creatures
  4 gnolls
  2 adders
  A dart slug (D:1)
  6 orcs (D:3)
  5 endoplasms
  4 giant cockroaches
  6 goblins
  12 hobgoblins
  2 quokkas
  3 ball pythons (D:1)
  4 bats
  7 frilled lizards
  5 kobolds
  4 rats
65 creatures vanquished.

Notes
Turn   | Place    | Note
-------+----------+-------------------------------------------
     0 | D:1      | Borgoz the Gargoyle Berserker began the quest for the Orb.
     0 | D:1      | Reached XP level 1. HP: 14/14 MP: 1/1
   442 | D:1      | Reached XP level 2. HP: 18/19 MP: 2/2
   849 | D:1      | Reached XP level 3. HP: 24/24 MP: 3/3
   908 | D:1      | You fall into a shaft and drop 1 floor!
   921 | D:2      | Found Zuusk's Distillery.
  1177 | D:1      | Found Evveruf's Weapon Shoppe.
  1445 | D:1      | Reached XP level 4. HP: 9/29 MP: 4/4
  1697 | D:2      | Reached skill level 4 in Fighting
  1753 | D:2      | Reached ** piety under Trog
  2553 | D:3      | Found a faded altar of an unknown god.
  2584 | D:3      | Reached XP level 5. HP: 14/33 MP: 5/5
  2621 | D:3      | Slain by an orc

Illustrated notes

Levels and vault maps discovered:
D:1:      minmay_arrival_split_and_join, layout_basic, serial_shops, shop
D:2:      layout_rooms, serial_shops, nicolae_shop_crystal,
          minmay_misc_feat_square
D:3:      layout_loops_ring, nemelex_spade_bored_becter,
          ebering_ecumenical_altar_sacrificial, serial_shops, shop,
          minmay_diced_spiral

Skill      XL: |  1  2  3  4 |
---------------+-------------+-----
Dodging        | 2 |  2.4
Armour         | 3 |  3.4
Fighting       | 4 |  4.2
Maces & Flails | |  3.8

Action                   |  1- 3 |  4- 6 || total
-------------------------+-------+-------++-------
Melee: Mace              |   106 |    79 ||   185
Invok: Berserk           |     3 |     3 ||     6
  Use: Potion            |     1 |       ||     1
Armor: Animal skin       |    52 |    31 ||    83
       Skin              |       |     1 ||     1
Dodge: Dodged            |   123 |    46 ||   169
